 Dungeon Crawl Stone Soup version 0.26-a0-466-g989023bd0d (webtiles) character file.

Game seed: 13392854940557984311

536342 HoaS the Middleweight Champion (level 26, -6/193 HPs)
             Began as a Gargoyle Gladiator on July 28, 2020.
             Was the Champion of Makhleb.
             Killed from afar by a shadow dragon (14 damage)
             ... with a bolt of negative energy
             ... on level 5 of the Vaults on July 29, 2020.
             The game lasted 02:29:33 (56777 turns).

HoaS the Middleweight Champion (GrGl)              Turns: 56777, Time: 02:29:33

Health: -6/193     AC: 69    Str: 27    XL:     26   Next: 39%
Magic:  23/23      EV: 12    Int: 14    God:    Makhleb [******]
Gold:   8273       SH:  5    Dex: 14    Spells: 25/25 levels left

rFire    + . .     SeeInvis .     - Unarmed
rCold    . . .     Faith    .   (no shield)
rNeg     + + .     Spirit   .   u - +7 crystal plate armour "Mivadanu" {Int+2}
rPois    ∞         Reflect  +   L - +1 helmet
rElec    +         Harm     .   e - +2 cloak {Stlth+}
rCorr    .                      t - +1 pair of gloves {Str+3}
MR       +++..                  D - +4 pair of boots "Faklakheu" {rF+ rN+}
Stlth    ..........             n - amulet of reflection
HPRegen  0.42/turn              f - ring of protection from magic
MPRegen  0.18/turn              g - ring of protection from magic

@: flying, lightly drained
A: big wings, negative energy resistance 1, electricity resistance, unbreathing,
petrification resistance, rot immunity, AC +20
}: 2/15 runes: serpentine, barnacled
a: Stop Flying, Minor Destruction, Lesser Servant of Makhleb, Major Destruction,
Greater Servant of Makhleb, Renounce Religion


You were on level 5 of the Vaults.
You worshipped Makhleb.
Makhleb was exalted by your worship.
You visited 9 branches of the dungeon, and saw 47 of its levels.
You also visited: Trove.

You collected 8673 gold pieces.
You spent 400 gold pieces at shops.

Inventory:

Missiles
 x - 5 throwing nets (quivered)
 Q - 53 silver javelins
 Y - 25 javelins
Armour
 e - a +2 cloak of stealth (worn)
 t - a +1 pair of gloves of strength (worn)
 u - the +7 crystal plate armour "Mivadanu" (worn) {Int+2}
   (You found it in a treasure trove)

   It affects your intelligence (+2).
 D - the +4 pair of boots "Faklakheu" (worn) {rF+ rN+}
   (You found it in a treasure trove)

   It protects you from fire.
   It protects you from negative energy.
 L - a +1 helmet (worn)
Jewellery
 c - an uncursed ring of see invisible
 f - a ring of protection from magic (left hand)
 g - a ring of protection from magic (right hand)
 n - an amulet of reflection (around neck)
Wands
 h - a wand of iceblast (12)
 z - a wand of digging (39)
 N - a wand of acid (38)
Scrolls
 a - a scroll of fear
 b - a scroll of summoning
 d - 30 scrolls of remove curse
 m - 8 scrolls of magic mapping
 p - 21 scrolls of teleportation
 G - 19 scrolls of identify
 S - 8 scrolls of blinking
Potions
 i - 15 potions of curing
 l - 6 potions of haste
 o - 5 potions of heal wounds
 v - 5 potions of cancellation
 w - 2 potions of berserk rage
 E - a potion of invisibility
 H - 7 potions of resistance
 J - 12 potions of ambrosia
 K - 9 potions of lignification
 O - 14 potions of mutation
 W - 5 potions of might


   Skills:
 O Level 27(26.3) Fighting
 - Level 1.7(1.4) Throwing
 + Level 20.4(19.8) Armour
 * Level 12.2(11.7) Dodging
 O Level 27(26.3) Unarmed Combat


You had 25 spell levels left.
You didn't know any spells.
Your spell library contained the following spells:

 Spells                   Type           Power        Failure   Level
 Animate Skeleton         Necr           #.....       98%         1
 Apportation              Tloc           #.....       98%         1
 Beastly Appendage        Tmut           #.....       98%         1
 Corona                   Hex            #......      98%         1
 Foxfire                  Conj/Fire      #...         98%         1
 Freeze                   Ice            #...         98%         1
 Magic Dart               Conj           #...         98%         1
 Sandblast                Erth           #.....       98%         1
 Shock                    Conj/Air       #...         98%         1
 Summon Small Mammal      Summ           #...         98%         1
 Blink                    Tloc           N/A          99%         2
 Call Imp                 Summ           #.......     99%         2
 Corpse Rot               Necr/Air       N/A          99%         2
 Ensorcelled Hibernation  Hex/Ice        #.....       99%         2
 Passwall                 Tmut/Erth      #.......     99%         2
 Poisonous Vapours        Pois/Air       #.....       99%         2
 Searing Ray              Conj           #.....       99%         2
 Slow                     Hex            #.......     99%         2
 Swiftness                Air            #.......     99%         2
 Wereblood                Tmut           #.......     99%         2
 Conjure Flame            Conj/Fire      #.......     100%        3
 Dazzling Flash           Conj/Hex       #.....       100%        3
 Frozen Ramparts          Ice            #.....       100%        3
 Ignite Poison            Fire/Tmut/Pois #.......     100%        3
 Inner Flame              Hex/Fire       #.......     100%        3
 Lesser Beckoning         Tloc           #.........   100%        3
 Mephitic Cloud           Conj/Pois/Air  #.......     100%        3
 Ozocubu's Armour         Ice            #.......     100%        3
 Spider Form              Tmut/Pois      #.........   100%        3
 Static Discharge         Conj/Air       #.......     100%        3
 Stone Arrow              Conj/Erth      #.....       100%        3
 Tukima's Dance           Hex            #.......     100%        3
 Airstrike                Air            #.........   100%        4
 Cause Fear               Hex            #.........   100%        4
 Fulminant Prism          Conj/Hex       #.........   100%        4
 Hailstorm                Conj/Ice       #.......     100%        4
 Ice Form                 Ice/Tmut       #.......     100%        4
 Iskenderun's Mystic Bla  Conj/Tloc      #.......     100%        4
 Petrify                  Tmut/Erth      #.......     100%        4
 Sticky Flame             Conj/Fire      #.......     100%        4
 Summon Ice Beast         Ice/Summ       #.......     100%        4
 Summon Lightning Spire   Summ/Air       #.......     100%        4
 Alistair's Intoxication  Tmut/Pois      #........    100%        5
 Blade Hands              Tmut           #.........   100%        5
 Bolt of Magma            Conj/Fire/Erth #.........   100%        5
 Borgnjor's Vile Clutch   Necr/Erth      #.........   100%        5
 Fireball                 Conj/Fire      #.........   100%        5
 Irradiate                Conj/Tmut      #.........   100%        5
 Lee's Rapid Deconstruct  Erth           #.........   100%        5
 Lightning Bolt           Conj/Air       #.........   100%        5
 Silence                  Hex/Air        #.........   100%        5
 Summon Forest            Summ/Tloc      #.........   100%        5
 Yara's Violent Unravell  Hex/Tmut       #.........   100%        5
 Conjure Ball Lightning   Conj/Air       #.........   100%        6
 Eringya's Noxious Bog    Tmut/Pois      #.........   100%        6
 Freezing Cloud           Conj/Ice/Air   #.........   100%        6
 Hydra Form               Tmut           #.........   100%        6
 Invisibility             Hex            #.......     100%        6
 Shadow Creatures         Summ           N/A          100%        6
 Dragon Form              Tmut           #.........   100%        7
 Malign Gateway           Summ/Tloc      #.........   100%        7
 Monstrous Menagerie      Summ           #.........   100%        7
 Summon Greater Demon     Summ           #.........   100%        7
 Summon Hydra             Summ           #.........   100%        7
 Discord                  Hex            #.........   100%        8
 Summon Horrible Things   Summ           #.........   100%        8
 Tornado                  Air            #.........   100%        9
 Statue Form              Tmut/Erth      Unusable     N/A         6

Dungeon Overview and Level Annotations

Branches:
Dungeon (15/15)            Temple (0/1) D:7            Lair (6/6) D:8
 Shoals (4/4) Lair:2        Snake (4/4) Lair:2        Slime (0/5) Lair:5
    Orc (2/2) D:9             Elf (3/3) Orc:2        Vaults (5/5) D:14
  Crypt (3/3) Vaults:2       Tomb (0/3) Crypt:3      Depths (5/5) D:15
    Zot (0/5) Depths:5

Altars:
Cheibriados
Elyvilon
Fedhas
Hepliaklqana
Kikubaaqudgha
Makhleb
Nemelex Xobeh
Okawaru
Ru
Trog
Wu Jian
Xom
Yredelemnul
Zin
The Shining One
Beogh

Shops:
D:7 =   D:12 =   Orc:2 ==}?   Elf:3 [   Snake:1 *   Snake:3 *   Snake:4 (
Vaults:1 }*[   Vaults:2 (   Depths:2 =}=   Depths:4 }

Portals:
Hell: Lair:6 Depths:1 Depths:2 Depths:3 Depths:4 Depths:5
Abyss: Depths:2 Depths:3 Depths:4 Depths:5
Pandemonium: Depths:3
Ziggurat: Depths:2

Annotations:
Elf:3 1 exclusion
Depths:2 2 transporters, exclusion: orange crystal statue


Innate Abilities, Weirdness & Mutations

You are resistant to torment.
Your stone body is resilient. (AC +20)
You are immune to poison.
Your large and strong wings let you fly indefinitely.
You resist negative energy. (rN+)
You are resistant to electric shocks. (rElec)
You can survive without breathing.
You are immune to petrification.
You are immune to rotting.


Message History

The frost giant seems to grow stronger.
The frost giant points at you and mumbles some strange words.
The bolt of cold hits you!!!
* * * LOW HITPOINT WARNING * * *
You hear an angry hiss.
You hear a shout! x4
You escape the tentacled monstrosity's grasp.
The vault sentinel unwields a +0 long sword.
The vault sentinel wields a +0 arbalest.
The vault sentinel shoots a bolt.
The bolt completely misses you.
The ironbrand convoker gestures at the shadow dragon while chanting.
The shadow dragon seems to grow stronger.
Things that are here:
a +0 bardiche; a +0 chain mail A redback comes into view.
The shadow dragon breathes negative energy at you.
The bolt of negative energy hits you. You partially resist.
You feel drained.
* * * LOW HITPOINT WARNING * * *
The shadow dragon breathes negative energy at you.
The bolt of negative energy hits you! You partially resist.
You feel drained.
You die...

## #....# #. ##..
#....# #.... ...(#
#....# .....
....##....##.....
#..#....#.....
#..p.)........
####..XD§...#####
......Cp§..)..[...
.......D<@.)..(...
......QS.)<.......
........<<)..(....
#####........#####
.s........(.
....#....#..##
....#....#.## ##.
#....#.# #....#..


You could see 2 shadow dragons, a tentacled monstrosity (strong), a frost giant
(strong), a tengu reaver, an anaconda, an ironbrand convoker and a redback.

Vanquished Creatures
  2 ancient liches (Crypt:3)
  Vashnia (Snake:2)
  Margery (Vaults:2)
  The ghost of Usulitso the Severer, a veteran FoVM of Uskayaw (Vaults:2)
  Saint Roka (Depths:1)
  The ghost of Qycuxy the Phalangite, a veteran DsWn of Trog (Depths:1)
  A golden dragon (Depths:4)
  Nikola (Snake:2)
  Jory (Vaults:3)
  A bone dragon (Vaults:2)
  2 tentacled monstrosities
  4 liches
  Asterion (Depths:1)
  A deep elf master archer (Elf:3)
  A titan (Vaults:4)
  3 deep elf blademasters
  4 krakens
  5 sphinxes
  2 ancient champions
  3 shadow dragons
  2 storm dragons (Depths:5)
  4 tengu reavers
  10 nagarajas
  4 draconian monks
  Donald (Crypt:2)
  9 deep elf sorcerers
  2 orc warlords (Vaults:2)
  9 fire giants
  2 iron dragons (Vaults:4)
  5 frost giants
  A draconian shifter (Depths:5)
  A fire giant (shapeshifter) (Depths:3)
  2 draconian scorchers
  9 vault wardens
  3 large abominations
  A ghoul (D:14)
  Aizul (Snake:2)
  2 curse skulls
  4 deep elf elementalists
  14 very ugly things
  A spriggan defender (Depths:4)
  9 war gargoyles
  12 ironheart preservers
  8 vampire knights
  11 stone giants
  A draconian annihilator (Depths:4)
  A black draconian (Depths:5)
  A green draconian (Depths:5)
  3 entropy weavers
  8 deep elf demonologists
  2 white draconians (Depths:5)
  9 deep elf annihilators
  A red draconian (Depths:4)
  A yellow draconian (Depths:5)
  5 spark wasps
  7 deep elf death magi
  2 eidola
  5 merfolk javelineers (Shoals:4)
  A blizzard demon (Depths:3)
  9 jiangshi
  9 ettins
  6 merfolk impalers
  8 ice dragons
  12 crystal guardians
  A small abomination (D:12)
  5 fire dragons
  4 deep elf high priests
  3 great orbs of eyes
  10 yaktaur captains
  5 spriggan air magi
  A quicksilver dragon skeleton (Crypt:3)
  4 rakshasas
  2 hydras (shapeshifter) (Depths:3)
  5 hydras
  Harold (Lair:1)
  A catoblepas (D:14)
  20 naga warriors
  Fannar (Lair:2)
  31 vault guards
  A hell beast (Lair:6)
  5 centaur warriors
  15 anacondas
  A merfolk aquamancer (Shoals:3)
  3 death knights
  43 two-headed ogres
  A satyr (Shoals:4)
  An alligator snapping turtle (shapeshifter) (Depths:3)
  3 merfolk avatars
  10 ogre magi
  11 deep troll earth magi
  A two-headed ogre (shapeshifter) (Depths:3)
  5 death yaks
  41 dancing weapons
  4 vampire magi
  7 spriggan berserkers
  10 deep troll shamans
  2 hell hogs (Depths:1)
  5 tengu warriors
  A death yak (shapeshifter) (Depths:3)
  The ghost of Hiceoc the Nimble, a journeyman FeBe of Trog (Lair:4)
  13 naga sharpshooters
  4 orc high priests
  8 shock serpents
  25 deep elf knights
  A fire crab (shapeshifter) (Vaults:1)
  An iron golem (Depths:3)
  3 spriggans
  2 salamander mystics
  2 iron trolls (Depths:4)
  2 shadow wraiths
  13 hell knights
  10 sea snakes
  20 skeletal warriors
  16 deep elf archers
  11 flayed ghosts
  An unseen horror (shapeshifter) (Vaults:4)
  7 glowing orange brains
  5 lindwurms (Depths:4)
  28 deep trolls
  A swamp dragon (shapeshifter) (Depths:4)
  4 obsidian statues (Depths:3)
  7 wizards
  12 naga ritualists
  A necromancer (Vaults:2)
  20 phantasmal warriors
  2 harpies (shapeshifter)
  10 ironbrand convokers
  An oklob plant (Lair:2)
  16 harpies
  An anaconda skeleton (Crypt:3)
  36 ugly things
  7 cyclopes
  21 orc knights
  21 mana vipers
  7 orc sorcerers
  4 wolf spiders
  9 fauns
  A sphinx skeleton (Crypt:1)
  74 deep elf magi
  8 manticores
  A cyclops (shapeshifter) (Depths:3)
  An iron dragon skeleton (Crypt:2)
  6 salamanders
  5 elephants
  A fire giant skeleton (Crypt:3)
  8 merfolk sirens
  21 naga magi
  52 black mambas
  9 vault sentinels
  5 water nymphs
  5 smoke demons (Crypt:3)
  An elephant slug zombie (Crypt:1)
  A molten gargoyle (Depths:3)
  10 guardian serpents
  A torpor snail (Lair:2)
  A shock serpent skeleton (Crypt:2)
  10 cane toads
  4 orange demons (Lair:6)
  5 rime drakes
  9 gargoyles
  An efreet (D:15)
  6 komodo dragons
  A kobold demonologist (D:14)
  6 freezing wraiths
  38 yaktaurs
  An ice devil (Lair:6)
  A black draconian skeleton (Crypt:2)
  3 guardian mummies (Crypt:3)
  A rime drake (shapeshifter) (Vaults:2)
  A hellwing (Lair:6)
  A tengu conjurer (Depths:4)
  A polar bear (shapeshifter) (Elf:2)
  A sea snake skeleton (Crypt:1)
  3 red devils (Crypt:3)
  23 merfolk
  A meliai (shapeshifter) (Depths:1)
  A shadow dragon simulacrum (Vaults:1)
  8 wind drakes
  10 trolls
  A queen bee (Lair:2)
  2 polar bears
  6 hornets
  Grinder (D:3)
  A wind drake (shapeshifter) (Vaults:2)
  A jumping spider (Vaults:4)
  A dream sheep (shapeshifter) (Vaults:4)
  39 slime creatures
  12 snapping turtles
  3 blink frogs
  17 hippogriffs
  A snapping turtle (shapeshifter) (Depths:1)
  A hydra skeleton (Crypt:3)
  6 raiju (Depths:3)
  4 dream sheep
  A spriggan (shapeshifter) (Vaults:2)
  4 shadows (Crypt:3)
  6 air elementals
  5 flying skulls (Crypt:2)
  25 water elementals
  3 tarantellas
  7 wyverns
  A vampire (D:12)
  43 yaks
  7 redbacks
  12 wraiths
  7 fire elementals
  A yak (shapeshifter) (Vaults:1)
  19 humans (D:14)
  5 vampire mosquitoes
  5 basilisks
  2 steam dragons
  A naga (shapeshifter) (Depths:3)
  A merfolk zombie (Crypt:1)
  2 wargs
  3 insubstantial wisps (Depths:3)
  A gelid demonspawn zombie (Crypt:2)
  75 nagas
  15 hell hounds
  A water moccasin (shapeshifter) (Elf:1)
  6 acid dragons
  7 water moccasins
  6 porcupines
  3 swamp drakes
  44 orc warriors
  An eye of draining (shapeshifter) (Vaults:3)
  4 black bears
  4 ice beasts
  4 phantoms
  2 sky beasts
  An eye of draining (D:6)
  6 boggarts
  27 ogres
  29 centaurs
  6 wolves
  15 crocodiles
  3 big kobolds
  25 bullfrogs
  11 earth elementals
  2 wyvern zombies (D:11)
  A palentonga skeleton (Crypt:2)
  A cyclops zombie (Crypt:1)
  A gnoll sergeant (D:9)
  A wyvern skeleton (D:11)
  2 scorpions
  28 killer bees
  17 wights
  4 howler monkeys
  3 crimson imps
  4 electric eels
  5 lava snakes (Snake:3)
  A centaur zombie (D:9)
  4 bullfrog zombies
  3 quasits
  6 jellies
  26 orc wizards
  7 hounds
  20 orc priests
  5 centaur skeletons
  3 bullfrog skeletons
  An iron imp (Depths:2)
  4 iguanas
  Ijyb (D:2)
  Natasha (twice) (D:4)
  A porcupine zombie (Crypt:1)
  12 worker ants
  A big kobold zombie (Crypt:1)
  A centaur simulacrum (D:11)
  An ogre zombie (Crypt:2)
  A tengu skeleton (Crypt:1)
  A dwarf skeleton (Crypt:2)
  A hound zombie (D:11)
  10 mummies (Crypt:3)
  2 worker ant zombies
  8 gnolls
  A howler monkey skeleton (D:5)
  Robin (D:2)
  8 adders
  A steam dragon zombie (Crypt:2)
  2 shadow imps
  A white imp (D:4)
  2 ufetubi
  2 oozes
  An adder zombie (D:7)
  A halfling skeleton (Crypt:1)
  2 adder skeletons
  2 worms
  3 dart slugs
  3 leopard geckos
  101 orcs
  7 giant cockroaches
  27 goblins
  6 hobgoblins
  19 jackals
  5 quokkas
  4 ball pythons
  9 bats
  A bat (shapeshifter) (Vaults:3)
  3 frilled lizards
  A gnoll zombie (Crypt:2)
  A goblin skeleton (Crypt:1)
  A jackal skeleton (D:4)
  20 kobolds
  A kobold zombie (Crypt:2)
  A leopard gecko zombie (D:8)
  An orc skeleton (Crypt:3)
  7 rats
  2 crawling corpses (Vaults:4)
  5 tentacles (Shoals:3)
2214 creatures vanquished.

Vanquished Creatures (others)
  2 deep elf knights
  A naga sharpshooter (Snake:2)
  A salamander mystic (Snake:4)
  A black mamba (Snake:3)
  A naga mage (Snake:4)
  A swamp drake (Depths:4)
  A swamp drake (shapeshifter) (Vaults:5)
  A boggart (Vaults:1)
  An orc wizard (Orc:1)
  2 orc priests (Orc:2)
  12 ball lightnings (Depths:3)
  An orc (Vaults:1)
  A kobold (D:12)
  A bush (Lair:2)
  4 fungi
  4 plants
  17 tentacles
  44 withered plants (Crypt:3)
96 creatures vanquished.

Grand Total: 2310 creatures vanquished

Notes
Turn   | Place    | Note
-------+----------+-------------------------------------------
     0 | D:1      | HoaS the Gargoyle Gladiator began the quest for the Orb.
     0 | D:1      | Reached XP level 1. HP: 12/12 MP: 1/1
   201 | D:1      | Reached XP level 2. HP: 18/18 MP: 2/2
   595 | D:1      | Reached XP level 3. HP: 13/22 MP: 3/3
  1139 | D:2      | Found a blossoming altar of Fedhas.
  1162 | D:2      | Reached XP level 4. HP: 27/28 MP: 4/4
  1172 | D:2      | Noticed Robin
  1181 | D:2      | Killed Robin
  1271 | D:2      | Noticed Ijyb
  1319 | D:2      | Killed Ijyb
  1530 | D:2      | Reached XP level 5. HP: 24/32 MP: 5/5
  1714 | D:2      | Found an ornate altar of the Wu Jian Council.
  2256 | D:3      | Reached skill level 5 in Unarmed Combat
  2328 | D:3      | Noticed Grinder
  2539 | D:3      | Paralysed by Grinder for 5 turns
  2552 | D:3      | Killed Grinder
  2552 | D:3      | Reached XP level 6. HP: 22/39 MP: 6/6
  2953 | D:3      | Found a glowing silver altar of Zin.
  3323 | D:4      | Reached XP level 7. HP: 39/44 MP: 7/7
  3336 | D:4      | Reached skill level 5 in Fighting
  3708 | D:4      | Noticed Natasha
  3727 | D:4      | Killed Natasha
  3758 | D:4      | Noticed Natasha
  3766 | D:4      | Killed Natasha
  3768 | D:4      | Found an iron altar of Okawaru.
  4070 | D:5      | Entered Level 5 of the Dungeon
  4169 | D:5      | Found a shimmering altar of Xom.
  4186 | D:5      | Reached XP level 8. HP: 42/51 MP: 8/8
  4859 | D:6      | Got a distressingly furry scale mail
  4887 | D:6      | Identified the +4 scale mail "Heufae Quch" {rPois} (You
                  | found it on level 6 of the Dungeon)
  4995 | D:6      | Found a glowing golden altar of the Shining One.
  5142 | D:6      | Reached XP level 9. HP: 57/57 MP: 9/9
  5235 | D:6      | Found a bloodstained altar of Trog.
  5287 | D:6      | Reached skill level 10 in Unarmed Combat
  5549 | D:7      | Found a burning altar of Makhleb.
  5565 | D:7      | Became a worshipper of Makhleb the Destroyer
  5592 | D:7      | Found a white marble altar of Elyvilon.
  5594 | D:7      | Found a snail-covered altar of Cheibriados.
  5694 | D:7      | Noticed a two-headed ogre
  5720 | D:7      | Killed a two-headed ogre
  5830 | D:7      | Found a basalt altar of Yredelemnul.
  5830 | D:7      | Found a hazy altar of Hepliaklqana.
  5870 | D:7      | Found Zucaf's Jewellery Emporium.
  5876 | D:7      | Reached XP level 10. HP: 65/66 MP: 10/10
  5893 | D:7      | Found a staircase to the Ecumenical Temple.
  6279 | D:8      | Found a sparkling altar of Nemelex Xobeh.
  7069 | D:8      | Found a staircase to the Lair.
  7465 | D:9      | Found a staircase to the Orcish Mines.
  7574 | D:9      | Reached * piety under Makhleb
  7957 | D:9      | Reached skill level 10 in Fighting
  8258 | D:9      | Reached ** piety under Makhleb
  8661 | D:10     | Entered Level 10 of the Dungeon
  8716 | D:10     | Reached XP level 11. HP: 72/73 MP: 11/11
  8978 | D:10     | Found a transporter.
  9280 | D:10     | Found a transporter.
  9446 | Lair:1   | Entered Level 1 of the Lair of Beasts
 10233 | Lair:1   | Reached *** piety under Makhleb
 10374 | Lair:2   | Noticed Harold
 10396 | Lair:2   | Noticed Fannar
 10466 | Lair:2   | Found a staircase to the Snake Pit.
 10473 | Lair:2   | Identified the +1 arbalest of the Howling Goat {elec, *Slow
                  | rPois rN+ MR+}
 10540 | Lair:1   | Killed Harold
 10661 | Lair:2   | Killed Fannar
 10661 | Lair:2   | Reached skill level 15 in Unarmed Combat
 10661 | Lair:2   | Reached XP level 12. HP: 76/81 MP: 12/12
 10715 | Lair:2   | You fall into a shaft and drop 1 floor!
 11253 | Lair:2   | Found a staircase to the Shoals.
 11333 | Lair:2   | Reached **** piety under Makhleb
 12635 | Lair:4   | You fall into a shaft and drop 1 floor!
 12729 | Lair:4   | Found a runed translucent door.
 13017 | Lair:4   | Noticed a death yak
 13019 | Lair:4   | Noticed a death yak
 13065 | Lair:4   | Killed a death yak
 13065 | Lair:4   | Reached XP level 13. HP: 67/88 MP: 13/13
 13214 | Lair:4   | Found a dark tunnel.
 13573 | Lair:4   | Noticed Hiceoc's ghost (journeyman FeBe)
 14180 | Lair:5   | Found a staircase to the Slime Pits.
 14191 | Lair:5   | Reached ***** piety under Makhleb
 14745 | Lair:6   | Entered Level 6 of the Lair of Beasts
 15393 | Lair:6   | Found a burning altar of Makhleb.
 16241 | Lair:6   | Found a gateway to Hell.
 16350 | Lair:4   | Killed Hiceoc's ghost
 16350 | Lair:4   | Gained mutation: Your large and strong wings let you fly
                  | indefinitely. [Gargoyle growth]
 16350 | Lair:4   | Reached XP level 14. HP: 60/96 MP: 14/14
 17078 | D:11     | Found a portal to a secret trove of treasure.
 17891 | Orc:1    | Entered Level 1 of the Orcish Mines
 17953 | D:9      | HP: 1/96 [ettin/+0 dire flail (29)]
 18476 | Orc:1    | Found a burning altar of Makhleb.
 18509 | Orc:2    | Entered Level 2 of the Orcish Mines
 18559 | Orc:2    | Found a staircase to the Elven Halls.
 18579 | Orc:2    | Reached ****** piety under Makhleb
 18647 | Orc:2    | Reached skill level 15 in Fighting
 19578 | Orc:2    | Found Taenku's Jewellery Shop.
 19578 | Orc:2    | Found Neskui's Jewellery Shoppe.
 19580 | Orc:2    | Found Tatifal's Gadget Shop.
 19580 | Orc:2    | Found Itaonn's Magic Scroll Shoppe.
 20368 | D:12     | Found Vorph's Jewellery Emporium.
 20389 | D:12     | Bought an uncursed ring of protection from magic for 400
                  | gold pieces
 20605 | D:12     | Killed a large abomination
 20907 | D:13     | Reached XP level 15. HP: 93/104 MP: 15/15
 21009 | D:13     | Reached skill level 1 in Armour
 21455 | D:13     | Identified a scroll of acquirement
 21455 | D:13     | Acquired 1430 gold pieces
 22314 | D:11     | You paid a toll of 4 scrolls of blinking to enter a
                  | treasure trove
 22315 | Trove    | Entered a treasure trove
 22340 | Trove    | Got a faintly humming crystal plate armour
 22351 | Trove    | Identified the +7 crystal plate armour "Mivadanu" {Int+2}
                  | (You found it in a treasure trove)
 22362 | Trove    | Got a pair of masterwork boots
 22373 | Trove    | Identified the +4 pair of boots "Faklakheu" {rF+ rN+} (You
                  | found it in a treasure trove)
 22383 | Trove    | Got a slimy plate armour
 22384 | Trove    | Identified the +4 plate armour of Gogeupti {rElec MR+ SInv}
                  | (You found it in a treasure trove)
 23070 | D:14     | Reached skill level 5 in Armour
 23181 | D:14     | Found a gate to the Vaults.
 23268 | D:15     | Entered Level 15 of the Dungeon
 23419 | D:15     | Found a staircase to the Depths.
 23419 | D:15     | Noticed a fire giant
 23432 | D:15     | Killed a fire giant
 23700 | D:15     | Reached XP level 16. HP: 112/112 MP: 16/16
 24292 | Snake:1  | Entered Level 1 of the Snake Pit
 24641 | Snake:1  | Found a sacrificial altar of Ru.
 24729 | Snake:1  | Found Mairits's General Store.
 25454 | Snake:2  | Noticed Nikola
 25467 | Snake:2  | Killed Nikola
 25483 | Snake:2  | Noticed Vashnia
 25530 | Snake:2  | Reached skill level 10 in Armour
 25561 | Snake:2  | Killed Vashnia
 25894 | Snake:2  | Noticed Aizul
 25921 | Snake:2  | Killed Aizul
 25937 | Snake:2  | Reached XP level 17. HP: 120/120 MP: 17/17
 27790 | Snake:3  | Found Aciowanudgh's General Store.
 28281 | Snake:4  | Entered Level 4 of the Snake Pit
 28432 | Snake:4  | Found Yrghif's Antique Weapon Shoppe.
 28757 | Snake:4  | Reached XP level 18. HP: 129/129 MP: 18/18
 28991 | Snake:4  | Identified the +9 spear "Widowmaker" {vamp, rC- Int+3 Dex+2
                  | Stlth+}
 29296 | Snake:4  | Got a serpentine rune of Zot
 29608 | Shoals:1 | Entered Level 1 of the Shoals
 31331 | Shoals:3 | Found a frozen archway.
 31535 | Shoals:3 | Reached XP level 19. HP: 137/137 MP: 19/19
 32206 | Shoals:4 | Entered Level 4 of the Shoals
 33094 | Shoals:4 | Got a barnacled rune of Zot
 33489 | Elf:1    | Entered Level 1 of the Elven Halls
 34405 | Elf:2    | Found a huge runed translucent gate.
 34405 | Elf:2    | Found a huge runed translucent gate.
 34405 | Elf:2    | Found a huge runed translucent gate.
 34405 | Elf:2    | Found a huge runed translucent gate.
 34405 | Elf:2    | Found a huge runed translucent gate.
 34493 | Elf:2    | Reached XP level 20. HP: 144/144 MP: 20/20
 35727 | Vaults:1 | Entered Level 1 of the Vaults
 35727 | Vaults:1 | Found Satai's Assorted Antiques.
 36605 | Vaults:1 | Found Emanomid's Armour Shop.
 36869 | Vaults:1 | Found Muiss's Gadget Emporium.
 37215 | Vaults:2 | Reached skill level 15 in Armour
 37301 | Vaults:2 | Noticed Margery
 37318 | Vaults:2 | Killed Margery
 37318 | Vaults:2 | Reached XP level 21. HP: 126/152 MP: 21/21
 37724 | Vaults:2 | Noticed a bone dragon
 37734 | Vaults:2 | Killed a bone dragon
 37737 | Vaults:2 | Found a staircase to the Crypt.
 38044 | Vaults:2 | Found Ocorphagg's Weapon Boutique.
 38664 | Vaults:2 | Noticed Usulitso's ghost (veteran FoVM)
 38665 | Vaults:2 | Found a runed translucent gate.
 38665 | Vaults:2 | Found a runed translucent gate.
 38665 | Vaults:2 | Found a runed translucent gate.
 38667 | Vaults:2 | Identified the +9 scimitar of the Eternal Warrior {protect,
                  | *Contam *Noise MP+9 Dex+8}
 38669 | Vaults:2 | Identified the cursed +1 great sword "Diqimur" {flame,
                  | Str+2 Int-3 Dex+6}
 38669 | Vaults:2 | Identified the +10 chain mail "Dewuse" {*Corrode rElec
                  | rPois rF+++}
 38759 | Vaults:2 | Found a roughly hewn altar of Beogh.
 38836 | Crypt:1  | Entered Level 1 of the Crypt
 39617 | Vaults:3 | Noticed Jory
 39644 | Vaults:3 | Killed Jory
 40975 | Vaults:4 | Found Sunwasto's Magic Scroll Shop.
 41172 | Vaults:4 | Reached XP level 22. HP: 160/160 MP: 22/22
 42237 | Depths:1 | Entered Level 1 of the Depths
 42351 | Depths:1 | Noticed Asterion
 42386 | Depths:1 | Killed Asterion
 42451 | Depths:1 | Found a transporter.
 42519 | Depths:1 | Reached skill level 27 in Unarmed Combat
 42748 | Depths:1 | Noticed Saint Roka
 42786 | Depths:1 | Killed Saint Roka
 43338 | Depths:1 | Found a transporter.
 43340 | Depths:1 | Noticed Qycuxy's ghost (veteran DsWn)
 44004 | Vaults:2 | Killed Usulitso's ghost
 44080 | Vaults:2 | Got a faintly glowing glass ring
 44086 | Vaults:2 | Identified the ring of the Ego {rC+ MR+ Dex-4 Stlth+} (You
                  | found it on level 2 of the Vaults)
 44853 | Depths:2 | Found a one-way gate to the infinite horrors of the Abyss.
 44864 | Depths:2 | Found a transporter.
 44865 | Depths:2 | Noticed a juggernaut
 44897 | Depths:2 | Found a gateway to a ziggurat.
 45031 | Depths:2 | Reached XP level 23. HP: 168/168 MP: 23/23
 45093 | Depths:2 | Found Umnof's Gadget Emporium.
 45097 | Depths:2 | Found Canicemn's Jewellery Boutique.
 45122 | Depths:2 | Found Gycux's Jewellery Boutique.
 45432 | Depths:2 | Identified the ring of Ade Zidd {MR+ Stlth-}
 45464 | Depths:2 | Found a transporter.
 46119 | Depths:3 | Got a coiled amber ring
 46184 | Depths:3 | Identified the ring "Guugeli" {*Tele rElec rC+ Stlth+} (You
                  | found it on level 3 of the Depths)
 46326 | Depths:3 | Found a one-way gate leading to the halls of Pandemonium.
 46348 | Depths:3 | Got a crude jade ring
 46404 | Depths:3 | Got a shimmering copper ring
 46497 | Depths:3 | Identified the ring of Emopsud {rF+ rCorr Str+3 Dex+2} (You
                  | found it on level 3 of the Depths)
 46498 | Depths:3 | Identified the ring "Uvveiqofez" {*Corrode rPois rF+ rN+
                  | Int+3} (You found it on level 3 of the Depths)
 47061 | Depths:4 | Found Itaonn's Gadget Shop.
 47225 | Depths:4 | Noticed a golden dragon
 47238 | Depths:4 | Killed a golden dragon
 47269 | Depths:4 | Got a scintillating granite ring
 47284 | Depths:4 | Identified the Compendium of Flames
 47391 | Depths:4 | Reached XP level 24. HP: 178/178 MP: 23/23
 47401 | Depths:4 | Identified the ring of Skepticism {rF- Str+4 Dex+7 Stlth+}
                  | (You found it on level 4 of the Depths)
 47759 | Depths:4 | Upgraded the game from 0.26-a0-455-g0958c023ba to
                  | 0.26-a0-466-g989023bd0d
 48094 | Depths:5 | Entered Level 5 of the Depths
 48270 | Depths:5 | Found a gate to the Realm of Zot.
 48475 | Depths:5 | Identified Sakkentie's Tome of Lightness and Transmigration
 49930 | Crypt:1  | Reached skill level 27 in Fighting
 50873 | Crypt:2  | Reached skill level 5 in Dodging
 50917 | Crypt:2  | Reached XP level 25. HP: 180/187 MP: 23/23
 50948 | Crypt:2  | Noticed Donald
 50958 | Crypt:2  | Killed Donald
 51220 | Crypt:3  | Entered Level 3 of the Crypt
 51687 | Crypt:3  | Got a slimy glass ring
 51811 | Crypt:3  | Found the +0 staff of Battle
 51923 | Crypt:3  | Found a staircase to the Tomb.
 52373 | Crypt:3  | Found an ancient bone altar of Kikubaaqudgha.
 52392 | Crypt:3  | Noticed an ancient lich
 52396 | Crypt:3  | Killed an ancient lich
 52401 | Crypt:3  | Found the cursed +13 scythe of Curses {drain, *Curse}
 52417 | Crypt:3  | Got a crude golden ring
 52417 | Crypt:3  | Got a scorched copper ring
 52417 | Crypt:3  | Got a scintillating ivory ring
 52419 | Crypt:3  | Identified the ring "Nuicoic" {Ice rPois rN+} (You found it
                  | on level 3 of the Crypt)
 52421 | Crypt:3  | Identified the ring "Hamitoc" {rF+ rN+} (You found it on
                  | level 3 of the Crypt)
 52421 | Crypt:3  | Noticed an ancient lich
 52431 | Crypt:3  | Killed an ancient lich
 52434 | Crypt:3  | Identified the ring "Cauh" {rN+ Stlth+} (You found it on
                  | level 3 of the Crypt)
 52435 | Crypt:3  | Identified the ring of Tufaex {*Contam rN+ Str+4} (You
                  | found it on level 3 of the Crypt)
 53685 | Depths:1 | Killed Qycuxy's ghost
 53742 | Depths:1 | Got a slimy marble ring
 53745 | Depths:1 | Identified the ring of Pofumm {rElec rC++ rN+ Dex-4 SInv}
                  | (You found it on level 1 of the Depths)
 54674 | Elf:3    | Entered Level 3 of the Elven Halls
 54985 | Elf:3    | Reached skill level 10 in Dodging
 55093 | Elf:3    | Found Duuprayha's Armour Boutique.
 55393 | Elf:3    | Identified the cursed +0 chain mail of Bitterness {+Fly
                  | rPois rF+ MR+}
 55714 | Elf:3    | Identified the +7 scale mail "Xiplicaf" {rC++ MR+ rCorr
                  | Dex-5}
 55850 | Elf:3    | Identified the Collected Works on Ashen Transmutation
 55852 | Elf:3    | Identified the Almanac of the Flying Arsonist
 55884 | Elf:3    | Identified the cursed ring of Lobivanlus {Int+8 Dex-4}
 55894 | Elf:3    | Reached XP level 26. HP: 193/193 MP: 23/23
 56331 | Vaults:5 | Entered Level 5 of the Vaults
 56464 | Vaults:5 | Identified the ring of Dyhiosh {Wiz Str+4 Int+3}
 56777 | Vaults:5 | HP: 8/193 [shadow dragon/bolt of negative energy (6)]
 56777 | Vaults:5 | Killed from afar by a shadow dragon

Illustrated notes

Levels and vault maps discovered:
D:1:      minmay_arrival_up_and_down, layout_basic, hangedman_decor_points
D:2:      kennysheep_the_goblin_king, layout_loops_cross, marbit_many_paths,
          old_standard_altar, uniq_robin
D:3:      layout_basic, zin_treasury, uniq_grinder
D:4:      layout_loops_ring, old_standard_altar, uniq_natasha
D:5:      layout_basic, xom_teletrap_fun
D:6:      layout_loops_cross, trog_eyes_of_draining,
          nicolae_tso_swordbearing_angel, minmay_manual_moon
D:7:      layout_loops_ring, makhleb_grotto_becter,
          nicolae_overflow_hidden_temple, minmay_temple_entry_tees,
          serial_shops, kennysheep_little_box
D:8:      layout_cave_pods, lemuel_crystal_altar, erik_lair_dragon
D:9:      layout_irregular_city, orc_0_dummy
D:10:     gammafunk_cloud_chamber, layout_gridville
D:11:     layout_basic, nicolae_trove_entry_diagonal, hangedman_weighted_door
D:12:     layout_roguey, serial_shops, shop, minivault_25_ag,
          unseen_surprise_small
D:13:     layout_stronghold, minmay_bent
D:14:     layout_loops_ring, grunt_vaults_entry_tiered
D:15:     grunt_enter_depths_giant_problem, layout_long_grid,
          grunt_ministairs_10, hangedman_decor_diamond_cutter,
          skrybe_limestone_x
Lair:1:   layout_long_grid, infiniplex_staircase_pool_2, grunt_megastairs_5
Lair:2:   layout_roguey [special_room_bee], elwin_shoals_entry_rocks,
          minmay_snake_entry_guardpost_medium, infiniplex_staircase_pool,
          uniq_harold, uniq_fannar
Lair:3:   layout_gridlike, serial_bayou_ford_a, patterned_corridor,
          serial_bayou_shore_a, lemuel_fruit_tree, grunt_megastairs_2
Lair:4:   layout_cellular_growth, enter_volcano_2,
          ebering_ghost_reflecting_pool, minivault_11
Lair:5:   layout_big_grid, minmay_slime_entry_pillars
Lair:6:   evil_forest, layout_regular_city
Shoals:1: layout_shoals, nicolae_shoals_so_close
Shoals:2: layout_shoals
Shoals:3: layout_shoals, portal_ice_cave_entry_dragon
Shoals:4: shoals_end_simple, layout_shoals
Snake:1:  layout_onion, basic_altar, serial_shops, shop, drop_trap,
          nicolae_coiled_stairwell_down
Snake:2:  kennysheep_snake, layout_misc_corridors, serial_bayou_shore_b,
          serial_bayou_shore_b, uniq_aizul, uniq_vashnia, uniq_nikola
Snake:3:  layout_basic, serial_shops, nicolae_shop_crystal, st_stairs_12,
          nicolae_snake_lava_pool
Snake:4:  johnstein_snake_rune_scales, layout_onion, serial_shops,
          nicolae_shop_trees, nicolae_snake_single_loop, grunt_megastairs_4
Orc:1:    layout_caves, basic_altar
Orc:2:    grunt_orc_tribal_feast, layout_caves
Elf:1:    layout_geoelf_octagon, hangedman_elf_disciples
Elf:2:    layout_onion_city
Elf:3:    grunt_elf_hall_diamonds, layout_onion_city, serial_shops, shop
Vaults:1: nicolae_vaults_inception_scallops, nicolae_vaults_little_squares_4,
          grunt_vaults_diagonal, vaults_room_fancy_cross,
          nicolae_vaults_ninety_degrees, v_pattern_2, hangedman_vaults_snaps,
          vaults_dpeg_diagonal, grunt_vaults_hallway_short, v_misc_27, st_lines,
          ontoclasm_vaults_spin, nicolae_vaults_network_quinsquares
          [nicolae_vaults_network_quincunx_subvault,
          nicolae_vaults_network_quincunx_subvault,
          nicolae_vaults_network_quincunx_subvault,
          nicolae_vaults_network_quincunx_subvault], layout_vaults_omnicross,
          serial_shops, shop, shop, shop
Vaults:2: biasface_vaults_ghost_orc_armoury, nicolae_vaults_little_ls,
          hangedman_vaults_restitches, vaults_dpeg_ring, v_misc_32,
          special_room_vaults [special_room_orc], vaults_mumra_chevron,
          grunt_vaults_hallway_short, layout_vaults_quadrants,
          minmay_crypt_entry_nasty_monster, serial_shops, shop, uniq_margery
Vaults:3: grunt_vaults_bifocal, nicolae_vaults_little_squares_2,
          nicolae_vaults_network_barrier, v_misc_8, hangedman_vaults_maws,
          vaults_room_semicircle, layout_vaults_chaotic_city, uniq_jory
Vaults:4: nicolae_vaults_branching_niches, hangedman_vaults_unwind, v_misc_28,
          dpeg_vaults_monster_box, ontoclasm_vaults_ring_large, v_misc_22,
          grunt_vaults_hallway_long, nicolae_vaults_theta, layout_vaults_ring,
          serial_shops, shop
Vaults:5: serial_shops
Crypt:1:  layout_basic, roderic_lattice_octagonal_star
Crypt:2:  layout_catacombs, uniq_donald
Crypt:3:  quadcrypt_mu
Depths:1: layout_gridlike, grunt_hell_horde, minmay_door_square,
          gammafunk_ghost_arena, minmay_evil_grid, uniq_saint_roka,
          uniq_asterion
Depths:2: gammafunk_sealed_arena, layout_gridlike, enter_ziggurat_d,
          grunt_hell_entry_dis_grunt, bh_walls_and_bars, abyss_entry,
          infiniplex_staircase_x, minmay_shop_grove, serial_bayou_shore_b
Depths:3: radiant_caverns_b_rkd, hell_entry, abyss_entry, pan_entry
Depths:4: gold_lair_mu, layout_cave_pools, serial_shops, shop,
          pf_dread_powers_of_hell, abyss_entry, serial_column_ruins,
          column_ruins_hut_ruined, column_ruins_hut_ruined,
          column_ruins_corridor_straight, column_ruins_grid_2,
          column_ruins_corridor_straight, column_ruins_open_medium_water,
          column_ruins_grid_1, column_ruins_grid_1, serial_bayou_shore_b,
          infiniplex_staircase_pillars_1
Depths:5: grunt_zot_entry_pinwheel, layout_cave_pools,
          chequers_serial_rivers_micro_c, abyss_entry, hell_entry

Skill      XL: |  1  2  3  4  5  6  7  8  9 10 11 12 13 14 15 16 17 18 19 20 21 22 23 24 25 26 |
---------------+-------------------------------------------------------------------------------+-----
Unarmed Combat | 4 6 7 9 11 13 15 16 18 19 20 21 22 23 24 25 26 27 | 27.0
Fighting       | 3 4 5 7 9 10 12 13 14 15 17 18 19 21 22 23 24 25 27 | 27.0
Armour         | 7 10 11 12 15 17 18 19 20 | 20.4
Dodging        | 5 10 12 | 12.2
Throwing       | |  1.7

Action                   |  1- 3 |  4- 6 |  7- 9 | 10-12 | 13-15 | 16-18 | 19-21 | 22-24 | 25-27 || total
-------------------------+-------+-------+-------+-------+-------+-------+-------+-------+-------++-------
Melee: Unarmed           |   171 |   207 |   378 |   761 |  1313 |  1314 |  1631 |  1782 |   857 ||  8414
       Punch             |     3 |       |    16 |    46 |   121 |   143 |   161 |   197 |    88 ||   775
Throw: Throwing net      |       |     3 |     2 |       |       |       |       |       |       ||     5
       Dart              |       |       |     4 |       |       |       |       |       |       ||     4
 Abil: Fly               |       |       |       |       |     1 |       |       |     1 |       ||     2
       Stop Flying       |       |       |       |       |       |       |       |     1 |       ||     1
Evoke: Wand              |       |     1 |     1 |    12 |       |     3 |       |       |       ||    17
  Use: Scroll            |     3 |     4 |     4 |     7 |    19 |     6 |     4 |     9 |     6 ||    62
       Potion            |       |     1 |       |     1 |     9 |     1 |       |     4 |     1 ||    17
 Stab: Held in net/web   |       |       |     3 |       |       |       |       |       |       ||     3
       Confused          |       |       |       |     1 |       |       |       |       |       ||     1
       Distracted        |       |       |       |       |     2 |       |       |       |     1 ||     3
       Petrified         |       |       |       |       |     7 |       |       |       |       ||     7
Armor: Leather armour    |    28 |       |       |       |       |       |       |       |       ||    28
       Ring mail         |    42 |    32 |       |       |       |       |       |       |       ||    74
       Scale mail        |       |    14 |    52 |    68 |       |       |       |       |       ||   134
       Chain mail        |       |    27 |   132 |       |       |       |       |       |       ||   159
       Plate armour      |       |       |       |   316 |   536 |       |       |       |       ||   852
       Crystal plate arm |       |       |       |       |   203 |  1131 |  1291 |  1359 |   622 ||  4606
Dodge: Dodged            |   109 |    87 |   124 |   294 |   319 |   412 |   301 |   403 |   293 ||  2342
Block: Other             |       |       |       |   109 |   206 |   270 |   234 |   246 |   124 ||  1189
       Reflection        |       |       |       |     1 |     9 |    21 |    26 |     9 |    10 ||    76

Table legend: (Time is in decaauts)
 A = Elapsed time spent in this place.
 B = Non-inter-level travel time spent in this place.
 C = Inter-level travel time spent in this place.
 D = Time resting spent in this place.
 E = Time spent auto-exploring this place.
 F = Levels seen in this place.
 G = Mean time per level.
                   A        B        C        D        E       F      G
               +--------+--------+--------+--------+--------+-----+--------+
         Total |  53557 |  46178 |   7379 |   7383 |  27053 |  48 | 1115.8 |
       Dungeon |  17511 |  13384 |   4127 |   1805 |   8263 |  15 | 1167.4 |
          Lair |   7214 |   6698 |    516 |   1813 |   3608 |   6 | 1202.3 |
        Shoals |   3523 |   3372 |    151 |    385 |   2337 |   4 |  880.8 |
     Snake Pit |   4834 |   4698 |    136 |    910 |   2414 |   4 | 1208.5 |
  Orcish Mines |   1822 |   1589 |    233 |    465 |    670 |   2 |  911.0 |
   Elven Halls |   3144 |   2785 |    359 |     26 |   1781 |   3 | 1048.0 |
        Vaults |   6600 |   5693 |    907 |    909 |   3363 |   5 | 1320.0 |
         Crypt |   2734 |   2518 |    216 |      6 |   1853 |   3 |  911.3 |
        Depths |   6067 |   5336 |    731 |   1064 |   2758 |   5 | 1213.4 |
         Trove |    105 |    105 |      0 |      0 |      6 |   1 |  105.0 |
               +--------+--------+--------+--------+--------+-----+--------+

Top non-repeatable levels by time:
Vaults:2: 2342 daAuts
Depths:1: 1852 daAuts
     D:8: 1767 daAuts
    D:13: 1605 daAuts
     D:9: 1582 daAuts
 Snake:2: 1529 daAuts
    D:14: 1507 daAuts
  Lair:6: 1482 daAuts
    D:11: 1471 daAuts
Vaults:3: 1471 daAuts
  Lair:2: 1451 daAuts
     D:2: 1443 daAuts
Vaults:1: 1412 daAuts
   Orc:2: 1404 daAuts
  Lair:4: 1385 daAuts
